 Dungeon Crawl Stone Soup version 0.18.1-8-gdd0e5ea (webtiles) character file.

3101 l0ser140 the Fighter (level 10, 0/65 HPs)
             Began as a Human Fighter on May 31, 2016.
             Was an Initiate of Lugonu.
             Slain by an orc warrior
             ... wielding a +0 hand axe of distortion
              (10 damage)
             ... on level 7 of the Dungeon.
             The game lasted 00:24:24 (6494 turns).

l0ser140 the Fighter (Human Fighter)                Turns: 6494, Time: 00:24:24

Health: 0/65       AC: 14    Str: 15    XL:     10   Next: 13%
Magic:  2/2        EV:  5    Int:  3    God:    Lugonu [......]
Gold:   233        SH:  0    Dex: 14    Spells: 0 memorised, 9 levels left

rFire  + . .     SeeInvis +     G - +9 halberd "Duoh" {antimagic, rC+ SInv}
rCold  + . .     Gourm    .     q - +0 plate armour
rNeg   . . .     Faith    .     (shield currently unavailable)
rPois  .         Spirit   .     z - +0 helmet
rElec  .         Dismiss  .     w - +0 cloak
rCorr  .         Reflect  .     (no gloves)
SustAt .         Harm     .     y - +2 pair of boots
MR     .....     Rnd*Rage +     j - amulet of magic regeneration
Stlth  ..........               E - ring of protection from fire
                                p - -3 ring of intelligence (curse)

@: about to teleport, not resistant to hostile enchantments, extremely
unstealthy
A: berserk 2, deformed body, dopey 1, frail 2, low mp 2, weak 2, subdued magic 3
a: Renounce Religion


You were on level 7 of the Dungeon.
You worshipped Lugonu.
Lugonu was noncommittal.
You were not hungry.

You visited 1 branch of the dungeon, and saw 7 of its levels.
You visited the Abyss 1 time.

You collected 233 gold pieces.

Inventory:

Hand Weapons
 a - a +0 long sword
 u - a +2 whip of electrocution
   (You took it off an orc on level 2 of the Dungeon)
 B - the +4 rapier of Hopiff {flame, Str+4}
   (You found it on level 5 of the Dungeon)

   It has been specially enchanted to burn those struck by it, causing extra
   injury to most foes and up to half again as much damage against particularly
   susceptible opponents.
   It affects your strength (+4).
 G - the +9 halberd "Duoh" (weapon) {antimagic, rC+ SInv}
   (You found it on level 7 of the Dungeon)

   It disrupts the flow of magical energy around spellcasters and certain
   magical creatures (including the wielder).
   It protects you from cold.
   It lets you see invisible.
Armour
 b - a +0 scale mail
 c - a +0 shield
 m - a +2 pair of gloves
 q - a +0 plate armour (worn)
 w - a +0 cloak (worn)
 y - a +2 pair of boots (worn)
 z - a +0 helmet (worn)
Jewellery
 j - an amulet of magic regeneration (around neck)
   (You found it on level 1 of the Dungeon)
 p - a cursed -3 ring of intelligence (left hand)
   (You found it on level 1 of the Dungeon)
 E - a ring of protection from fire (right hand)
   (You found it on level 5 of the Dungeon)
Wands
 r - a wand of paralysis (6/24)
 C - a wand of slowing (6/48)
Scrolls
 h - 4 scrolls of remove curse (quivered) {unknown}
 k - a scroll of enchant weapon {unknown}
 n - a scroll of fear {unknown}
 o - 3 scrolls of teleportation {unknown}
 s - 2 scrolls of enchant armour {unknown}
 F - a scroll of identify {@r1}
Potions
 d - a potion of might
 e - a potion of ambrosia
 l - 2 potions of lignification
 t - a potion of cure mutation {unknown}
 v - 2 potions of curing
 x - 3 potions of invisibility
 D - 2 potions of brilliance
Books
 A - a Fen Folio

   Spells                             Type                      Level
   a - Corpse Rot                     Necromancy                   2
   b - Stone Arrow                    Conjuration/Earth            3
   c - Leda's Liquefaction            Hexes/Earth                  4
   d - Summon Forest                  Summoning/Translocation      5
   e - Hydra Form                     Transmutation                6
   f - Summon Hydra                   Summoning                    7
Comestibles
 f - 6 bread rations
 g - 4 meat rations
 i - 2 fruits


   Skills:
 + Level 8.4 Fighting
 - Level 5.1 Long Blades
 + Level 8.4 Armour
 + Level 6.7 Shields


You had 9 spell levels left.
You didn't know any spells.

Dungeon Overview and Level Annotations

Branches:
Dungeon (7/15)             Temple (0/1) D:7

Altars:
Dithmenos
Makhleb
Qazlal
Trog
Vehumet

Annotations:
D:4 Dowan, Duvessa
D:6 Grinder


Innate Abilities, Weirdness & Mutations

[You often lose your temper in combat.]
[Armour fits poorly on your strangely shaped body.]
[You are dopey. (Int -2)]
[You are very frail (-20% HP).]
[Your magical capacity is very low (-20% MP).]
[You are very weak. (Str -4)]
[Your spells are much easier to cast, but much less powerful.]


Message History

There is a corrupted altar of Lugonu here.
You kneel at the altar of Lugonu.
Lugonu welcomes you!
You can now depart the Abyss.
The quasit barely misses you. x2
The quasit claws you but does no damage.
The quasit bites you but does no damage.
The quasit claws you but does no damage. x2
You pass through the gate.
Welcome back to the Dungeon!
You feel somewhat more hungry.
You can no longer depart the Abyss at will.
The quasit bites you but does no damage.
The quasit barely misses you.
The quasit claws you but does no damage.
The quasit barely misses you. The quasit closely misses you.
The quasit claws you but does no damage.
The orc warrior hits you with a hand axe of distortion!
Space warps horribly around you!
* * * LOW HITPOINT WARNING * * *
Huge Dmg: -34%(-22hp) hp: 31%(20hp) Drink which item? (? for menu, Esc to quit)
You feel better.
The quasit bites you but does no damage.
The quasit claws you but does no damage. x2
The orc warrior hits you but does no damage.
You blink.
You barely miss the orc warrior.
The orc warrior hits you but does no damage.
Space bends around you.
* * * LOW HITPOINT WARNING * * *
Damage: -5%(-3hp) hp: 40%(26hp)
You slash the orc warrior!
The orc warrior is moderately wounded.
The orc warrior hits you but does no damage.
Space warps horribly around you!
* * * LOW HITPOINT WARNING * * *
The orc warrior hits you but does no damage.
You feel strangely unstable.
Huge Dmg: -18%(-12hp) hp: 22%(14hp)
You barely miss the orc warrior.
The orc warrior is moderately wounded.
The orc warrior hits you but does no damage.
Space bends around you.
* * * LOW HITPOINT WARNING * * *
Huge Dmg: -6%(-4hp) hp: 16%(10hp) Unknown command.
You hit the orc warrior but do no damage.
The orc warrior is moderately wounded.
The orc warrior hits you with a hand axe of distortion!
You die...

#####....####### #.#
####...&...##### #.#
#######.....#####.##
#####.....#..#######
#####.##..##...# ## #.&.........
.#### #####.......
....################ ##......
##...<......[.5o♂..### #......
####.....##..#####(..#######.....
.....(...###.# ###......###....
########..##)# ######........ #
.≈☺≈. ####....# ≈☺≈≈ ....## ≈≈≈≈☺
...### ≈>☺≈☺ ..### ≈☺≈☺≈≈. ...


You could see an orc warrior and a quasit.

Vanquished Creatures
  A wretched star (Abyss:2)
  2 hippogriffs (D:7)
  A chaos spawn (Abyss:2)
  A naga (Abyss:2)
  2 small abominations (Abyss:2)
  2 sky beasts (D:5 D:6)
  2 ice beasts (D:6 D:7)
  A necrophage (D:5)
  2 centaurs (D:5 D:7)
  2 giant frogs (D:6 D:7)
  4 scorpions (D:3 D:5 D:6)
  3 wights (D:6 D:5)
  A giant frog zombie (D:7)
  A centaur zombie (D:6)
  A crimson imp (D:5)
  An orc priest (D:7)
  2 giant frog skeletons (D:7)
  A hound (D:7)
  2 jellies (D:6)
  4 worker ants (D:6 D:7)
  2 iguanas (D:7)
  5 orc wizards (D:3 D:5)
  A hound skeleton (D:5)
  4 gnolls (D:5)
  12 adders (D:2 D:3 D:4 D:5 D:6)
  A white imp (Abyss:2)
  An ooze (D:2)
  2 adder skeletons (D:4 D:5)
  2 worms (D:2)
  4 dart slugs (D:2 D:5)
  5 giant geckos (D:1 D:2 D:3 D:4)
  14 orcs (D:3 D:2 D:5 D:7)
  4 ball pythons (D:1 D:2 D:4)
  7 bats (D:1 D:2)
  5 giant cockroaches (D:1 D:3 D:4 D:6 D:7)
  6 goblins (D:1 D:2 D:3)
  8 hobgoblins (D:1 D:2 D:3)
  6 jackals (D:3 D:6)
  7 kobolds (D:1 D:2 D:3)
  A quokka (D:2)
  A giant gecko skeleton (D:7)
  3 giant newts (D:2 D:5)
  A quokka zombie (D:5)
  5 rats (D:1 D:2 D:3)
143 creatures vanquished.

Notes
Turn   | Place    | Note
--------------------------------------------------------------
     0 | D:1      | l0ser140 the Human Fighter began the quest for the Orb.
     0 | D:1      | Reached XP level 1. HP: 18/18 MP: 1/1
   298 | D:1      | Reached XP level 2. HP: 24/24 MP: 2/2
   882 | D:1      | Reached XP level 3. HP: 29/29 MP: 3/3
  1360 | D:2      | Reached XP level 4. HP: 21/36 MP: 4/4
  1923 | D:2      | Found a shadowy altar of Dithmenos.
  1972 | D:2      | Huge Dmg: 4 Dmg
  2186 | D:2      | Reached skill level 3 in Long Blades
  2186 | D:2      | Reached skill level 4 in Armour
  2341 | D:3      | Found a bloodstained altar of Trog.
  2352 | D:3      | Reached XP level 5. HP: 42/42 MP: 5/5
  2353 | D:3      | Found a faded altar to an unknown god.
  2359 | D:3      | Reached skill level 4 in Fighting
  2393 | D:3      | Huge Dmg: 19 Dmg
  3300 | D:4      | Noticed Duvessa
  3300 | D:4      | Noticed Dowan
  3301 | D:4      | Huge Dmg: 11 Dmg
  3322 | D:3      | Huge Dmg: 9 Dmg
  3322 | D:3      | Reached XP level 6. HP: 29/49 MP: 6/6
  3636 | D:5      | Entered Level 5 of the Dungeon
  3672 | D:5      | Got a crystal rapier
  3734 | D:5      | Huge Dmg: 8 Dmg
  3906 | D:4      | Reached skill level 4 in Long Blades
  3923 | D:5      | Huge Dmg: 10 Dmg
  3932 | D:5      | Reached skill level 5 in Fighting
  3932 | D:5      | Reached skill level 5 in Armour
  3932 | D:5      | Reached XP level 7. HP: 38/56 MP: 7/7
  4118 | D:5      | Identified the +4 rapier of Hopiff {flame, Str+4} (You found it on level 5 of the Dungeon)
  4141 | D:5      | Found a radiant altar of Vehumet.
  4142 | D:5      | Found a burning altar of Makhleb.
  4325 | D:5      | Reached skill level 5 in Long Blades
  4526 | D:5      | Reached XP level 8. HP: 63/63 MP: 8/8
  4594 | D:5      | Found a stormy altar of Qazlal.
  5079 | D:6      | Reached skill level 6 in Fighting
  5122 | D:6      | Huge Dmg: 7 Dmg
  5139 | D:6      | Reached skill level 6 in Armour
  5147 | D:6      | Noticed Grinder
  5343 | D:6      | Huge Dmg: 14 Dmg
  5360 | D:6      | Reached skill level 4 in Shields
  5691 | D:6      | Reached XP level 9. HP: 66/70 MP: 9/9
  5763 | D:7      | Reached skill level 7 in Fighting
  5824 | D:7      | Reached skill level 7 in Armour
  5857 | D:7      | Reached skill level 5 in Shields
  5917 | D:7      | Got an ancient halberd
  6116 | D:7      | Identified the +9 halberd "Duoh" {antimagic, rC+ SInv} (You found it on level 7 of the Dungeon)
  6263 | D:7      | Found a staircase to the Ecumenical Temple.
  6275 | D:7      | Huge Dmg: 30 Dmg
  6279 | D:7      | Cast into level 2 of the Abyss (orc warrior)
  6280 | Abyss:2  | Huge Dmg: 21 Dmg
  6365 | Abyss:2  | Noticed an apocalypse crab
  6384 | Abyss:2  | Noticed a smoke demon
  6396 | Abyss:2  | Noticed a wretched star
  6430 | Abyss:2  | Reached skill level 6 in Shields
  6438 | Abyss:2  | Huge Dmg: 21 Dmg
  6442 | Abyss:2  | Huge Dmg: 25 Dmg
  6447 | Abyss:2  | Killed a wretched star
  6447 | Abyss:2  | Reached skill level 8 in Fighting
  6447 | Abyss:2  | Reached skill level 8 in Armour
  6447 | Abyss:2  | Reached XP level 10. HP: 65/65 MP: 2/7
  6476 | Abyss:2  | Noticed an orange demon
  6477 | Abyss:2  | Noticed a wretched star
  6482 | Abyss:2  | Huge Dmg: 18 Dmg
  6485 | Abyss:2  | Found a corrupted altar of Lugonu.
  6488 | Abyss:2  | Became a worshipper of Lugonu the Unformed
  6488 | Abyss:2  | Reached * piety under Lugonu
  6489 | D:7      | Escaped the Abyss
  6490 | D:7      | Huge Dmg: 22 Dmg
  6493 | D:7      | Huge Dmg: 12 Dmg
  6494 | D:7      | Huge Dmg: 4 Dmg
  6494 | D:7      | Slain by an orc warrior

Skill      XL: |  1  2  3  4  5  6  7  8  9 |
---------------+----------------------------+-----
Long Blades    | 3 4 5 |  5.1
Armour         | 4 5 6 8 |  8.4
Fighting       | 4 5 6 8 |  8.4
Shields        | 4 6 |  6.7

Action                   |  1- 3 |  4- 6 |  7- 9 | 10-12 || total
-------------------------+-------+-------+-------+-------++-------
Melee: Long sword        |   120 |    69 |       |       ||   189
       Whip              |       |   167 |   284 |       ||   451
       Halberd           |       |       |    49 |     9 ||    58
Invok: Depart the Abyss  |       |       |       |     1 ||     1
  Use: Scroll            |       |       |     5 |       ||     5
       Potion            |       |       |     2 |     2 ||     4
  Eat: Chunk             |     2 |     8 |     8 |       ||    18
       Fruit             |       |       |       |     5 ||     5
Armor: Scale mail        |    82 |    89 |    93 |       ||   264
       Plate armour      |       |       |   145 |    30 ||   175
Dodge: Dodged            |    56 |    60 |    74 |    11 ||   201
Block: Shield            |    83 |   129 |   139 |       ||   351

Vault maps used:
D:1:      dpeg_arrival_arbitrary_c, st_stairs_14
D:2:      lemuel_crystal_altar
D:3:      lemuel_doored_altar, ecumenical_altar_2
D:4:      zin_scriptorium, first_bread, tgw_xom, uniq_duvessa
D:5:      lemuel_round_altar, grunt_temple_overflow_lords_of_destruction,
          nicolae_overflow_hidden_temple, minmay_small_thing
D:6:      uniq_grinder
D:7:      minmay_temple_entry_mist
Abyss:2:  minivault_26, hangedman_abyss_sting
